 Dungeon Crawl Stone Soup version 0.22-a0-515-g75794bf (webtiles) character file.

13 Amnesiac the Ducker (level 2, -7/16 HPs)
             Began as a Spriggan Monk on June 19, 2018.
             Shot with an arrow by a centaur (14 damage)
             ... on level 5 of the Dungeon.
             The game lasted 00:02:26 (878 turns).

Amnesiac the Ducker (Spriggan Monk)                  Turns: 878, Time: 00:02:27

Health: -7/16      AC:  2    Str:  7    XL:     2   Next: 24%
Magic:  3/3        EV: 20    Int: 11    God:
Gold:   86         SH:  0    Dex: 18    Spells: 1/1 levels left

rFire    . . .     SeeInvis +   a - +0 short sword
rCold    . . .     Gourm    .   (shield restricted)
rNeg     . . .     Faith    .   b - +0 robe
rPois    .         Spirit   .   (helmet restricted)
rElec    .         Reflect  .   (no cloak)
rCorr    .         Harm     .   (gloves unavailable)
MR       .....                  (boots unavailable)
Stlth    +++.......             (no amulet)
HPRegen  0.05/turn              (no ring)
MPRegen  0.08/turn              (no ring)

@: very quick
A: very small, unfitting armour, see invisible, herbivore, speed 3, slow
metabolism 2
a: no special abilities


You were on level 5 of the Dungeon.
You were not hungry.

You visited 1 branch of the dungeon, and saw 5 of its levels.

You collected 86 gold pieces.

Inventory:

Hand Weapons
 a - a +0 short sword (weapon)
Armour
 b - a +0 robe (worn)
Scrolls
 d - a scroll of identify {!r, unknown}
 e - a scroll of fear {!r, unknown}
 f - a scroll of teleportation {!r, unknown}
 g - a scroll of magic mapping {!r, unknown}
 h - 2 scrolls of enchant weapon {!r, unknown}
 k - a scroll of blinking {!r, unknown}
 l - 2 scrolls of remove curse {!r, unknown}
 n - a scroll of random uselessness {!r, unknown}
Potions
 i - 2 potions of curing {!q, unknown}
 j - a potion of brilliance {!q, unknown}
 m - 2 potions of resistance {!q, unknown}
 o - a potion of degeneration {!q, unknown}
Comestibles
 c - 3 rations


   Skills:
 - Level 2.4 Fighting
 * Level 3.8 Short Blades
 - Level 4.4 Dodging
 + Level 3.7 Stealth


You had one spell level left.
You didn't know any spells.
Your spell library was empty.

Dungeon Overview and Level Annotations

Branches:
Dungeon (5/15)
 Temple: D:4-7

Altars:
Kikubaaqudgha
Makhleb
Vehumet

Annotations:
D:4 exclusion: crimson imp


Innate Abilities, Weirdness & Mutations

You are very small and have problems with some larger weapons.
You are too small for most types of armour.
You have supernaturally acute eyesight. (SInv)
You are a herbivore.
You cover ground extremely quickly.
You need to consume almost no food.


Message History

There is an open door here.
Found a flail.
Found 32 stones.
Found 19 stones.
Found a quarterstaff.
Found a stone staircase leading up.
You see here 19 stones.
k - a scroll labeled NOMAYTW PODGHEI {!r}
l - a scroll labeled WEFONI JIPAA {!r}
Found a stone staircase leading down.
m - a ruby potion {!q}
Found a stone staircase leading down.
You now have 86 gold pieces (gained 17).
c - 2 rations (gained 1)
Found 17 poisoned needles.
A phantom comes into view.
Found a scroll labeled YXKEOT ITOF and a long sword.
The phantom blinks!
You see here an orange potion {!q}.
i - 2 orange potions {!q} (gained 1)
You see here a scroll labeled YXKEOT ITOF {!r}.
n - a scroll labeled YXKEOT ITOF {!r} The phantom blinks!
The phantom blinks!
m - 2 ruby potions {!q} (gained 1)
There are no items here.
The phantom blinks!
You open the door.
Found a ration.
There is an open door here.
c - 3 rations (gained 1)
There are no items here.
You open the door.
There is an open door here.
Found a viscous yellow potion.
Found a hand axe.
o - a viscous yellow potion {!q}
There are no items here.
Found a scroll labeled WEFONI JIPAA.
l - 2 scrolls labeled WEFONI JIPAA {!r} (gained 1)
There is a stone staircase leading down here.
Search for what [? for help]? dag Can't find anything matching that.
Unknown command.
Unknown command.
Search for what [Enter for "dag", or ? for help]? dag Can't find anything matching that.
You climb downwards.
Found an escape hatch in the ceiling and an escape hatch in the floor.
There is a stone staircase leading up here.
A phantom comes into view.
A phantom is nearby!
Found a stone staircase leading down.
The phantom hits you!
Ouch! That really hurt!
* * * LOW HITPOINT WARNING * * *
Found 15 bolts.
Found 9 gold pieces.
A centaur comes into view.
The centaur shouts!
A shadow imp comes into view.
The centaur wields a glowing shortbow.
It is covered in frost.
The centaur shoots an arrow.
The arrow hits you!
Ouch! That really hurt!
You die...

.. ... ..$. ..c ##
... ... #.#
#.#####..# . #
#.###.>.....##..
#.##.#.....#.#....
.............(...
####......@.......
.......W...##..5##
###.......###.##
#..#........#
#..###..#####
#.....>.#
##.###..########
####.###..........
...<......########


You could see a phantom, a centaur and a shadow imp (wandering).

Vanquished Creatures
  4 giant cockroaches
  3 hobgoblins
  A jackal (D:2)
  2 bats
  A frilled lizard (D:4)
11 creatures vanquished.

Notes
Turn   | Place    | Note
-------+----------+-------------------------------------------
     0 | D:1      | Amnesiac the Spriggan Monk began the quest for the Orb.
     0 | D:1      | Reached XP level 1. HP: 11/11 MP: 2/2
   250 | D:2      | Reached XP level 2. HP: 16/16 MP: 3/3
   305 | D:4      | Found a radiant altar of Vehumet.
   305 | D:4      | Noticed a crimson imp
   315 | D:4      | Found a burning altar of Makhleb.
   619 | D:4      | Found an ancient bone altar of Kikubaaqudgha.
   744 | D:4      | Noticed a phantom
   866 | D:5      | Entered Level 5 of the Dungeon
   872 | D:5      | Noticed a phantom
   877 | D:5      | Noticed a centaur
   878 | D:5      | Shot with an arrow by a centaur

Vault maps used:
D:1:      minmay_arrival_four_loops, grunt_decor_arrowhead
D:2:      minmay_tromino_v7
D:4:      grunt_temple_overflow_lords_of_destruction, kiku_gazebo_garden_becter,
          hangedman_decor_lopped
D:5:      minmay_temple_entry_fiery, gammafunk_ghost_grave, first_ration,
          guppyfry_early_orc_mine, uniq_prince_ribbit1

Action                   || total
-------------------------++-------
Melee: Short sword       ||    62
 Stab: Sleeping          ||     1
Armor: Robe              ||     7
Dodge: Dodged            ||    51

Table legend:
 A = Spawn XP
 B = Non-spawn XP
 C = Spawn XP percentage of total XP
 D = Spawn monster count
 E = Non-spawn monster count
 F = Spawn count percentage of total count
 G = Total turns spent on level
                    A         B        C        D         E        F      G
               +---------+---------+-------+---------+---------+-------+---------
         Total |       0 |      19 |   0.0 |       0 |      11 |   0.0 |   878
               +---------+---------+-------+---------+---------+-------+---------
           D:1 |       0 |       5 |   0.0 |       0 |       3 |   0.0 |    62
           D:2 |       0 |       7 |   0.0 |       0 |       4 |   0.0 |   196
           D:4 |       0 |       7 |   0.0 |       0 |       4 |   0.0 |   600
               +---------+---------+-------+---------+---------+-------+---------
